 Dungeon Crawl Stone Soup version 0.28-a0-1616-g050a50673c (webtiles) character file.

Game seed: 1354793056697278923

105 frimble the Cutter (level 4, -7/33 HPs)
             Began as a Demonspawn Warper on Jan 23, 2022.
             Killed by divine providence
             ... invoked by an orc priest
              (17 damage)
             ... on level 3 of the Dungeon.
             The game lasted 00:04:24 (3454 turns).

frimble the Cutter (Demonspawn Warper)              Turns: 3454, Time: 00:04:24

Health: -7/33      AC:  7    Str: 11    XL:     4   Next: 54%
Magic:  7/7        EV: 12    Int: 20    God:
Gold:   75         SH:  0    Dex: 12    Spells: 5/7 levels left

rFire   + . .      SeeInvis .   l - +0 dagger (venom)
rCold   . . .      Faith    .   (no shield)
rNeg    . . .      Spirit   .   o - +2 robe "Halurir" {Int+3}
rPois   .          Reflect  .   f - +2 hat
rElec   .          Harm     .   m - +0 cloak
rCorr   .          Rampage  .   (no gloves)
Will    .....                   (no boots)
Stlth   +.........              (no amulet)
HPRegen 0.11/turn               j - ring of protection from fire
MPRegen 0.10/turn               (no ring)

@: no status effects
A: antennae 2
a: no special abilities


You were on level 3 of the Dungeon.
You visited 1 branch of the dungeon, and saw 3 of its levels.

You collected 75 gold pieces.

Inventory:

Hand Weapons
 a - a +0 short sword
 l - a +0 dagger of venom (weapon)
 n - a +0 short sword of venom
Missiles
 i - a throwing net (quivered)
Armour
 f - a +2 hat (worn)
 m - a +0 cloak (worn)
 o - the +2 robe "Halurir" (worn) {Int+3}
   (You found it on level 2 of the Dungeon)

   Int:       It affects your intelligence (+3).
Jewellery
 j - a ring of protection from fire (left hand)
 p - a ring of fire
 q - a ring of magical power
Scrolls
 c - 2 scrolls of blinking
 h - a scroll of teleportation
Potions
 b - a potion of berserk rage {unknown}
 d - a potion of degeneration {unknown}
 e - 3 potions of curing {unknown}
 g - a potion of might {unknown}


   Skills:
 - Level 2.0 Fighting
 + Level 4.4 Short Blades
 - Level 0.8 Throwing
 - Level 0.8 Armour
 - Level 1.7 Dodging
 - Level 2.0 Spellcasting
 - Level 2.6 Translocations


You had 5 spell levels left.
You knew the following spells:

 Your Spells              Type           Power      Damage    Failure   Level
a - Blink                 Tloc           24%        N/A       8%          2

Your spell library contained the following spells:

 Spells                   Type           Power      Damage    Failure   Level
 Gell's Gravitas          Tloc           12%        N/A       16%         3
 Lesser Beckoning         Tloc           12%        N/A       16%         3
 Teleport Other           Tloc           12%        N/A       16%         3
 Ignite Poison            Fire/Tmut/Pois 2%         N/A       43%         3
 Mephitic Cloud           Conj/Pois/Air  2%         N/A       43%         3
 Manifold Assault         Tloc           12%        N/A       82%         5
 Freezing Cloud           Conj/Ice/Air   1%         6-21      99%         5


Dungeon Overview and Level Annotations

Branches:
Dungeon (3/15)

Altars:

Shops:
D:1 [


Innate Abilities, Weirdness & Mutations

You have a pair of antennae on your head.


Message History

The orc hits you with a +0 dagger.
You hit the orc but do no damage.
The orc is poisoned.
You punch the orc.
The orc is moderately wounded.
The orc closely misses you.
You hit the orc but do no damage.
The orc looks as sick as possible!
The orc is moderately wounded.
The orc priest mumbles some strange prayers to Beogh against you.
Beogh smites you!
A goblin comes into view. It is wielding a +0 club.
You are too injured to fight recklessly!
You are too injured to fight recklessly!
You are too injured to fight recklessly!
You are too injured to fight recklessly!
You are too injured to fight recklessly!
You are too injured to fight recklessly!
You are too injured to fight recklessly!
You are too injured to fight recklessly!
You are too injured to fight recklessly!
You are too injured to fight recklessly!
You are too injured to fight recklessly!
You are too injured to fight recklessly!
You are too injured to fight recklessly!
You are too injured to fight recklessly!
You are too injured to fight recklessly!
You are too injured to fight recklessly!
A kobold comes into view.
It is wielding a +0 short sword and quivering poisoned darts.
The kobold shouts!
The orc closely misses you.
The orc priest begins to cast a cantrip, but forgets the words!
You feel a bit more experienced.
An endoplasm comes into view.
The orc priest mumbles some strange prayers to Beogh against you.
Beogh smites you!
The orc wizard points at you and mumbles some strange words.
The puff of flame hits you. You resist.
* * * LOW HITPOINT WARNING * * *
The orc priest mumbles some strange prayers to Beogh against you.
Beogh smites you!
Ouch! That really hurt!
You die...

#..###.#####.#...#g.
#..##........#o.{...
#.†##..........{o.J.
#.)##.######o##.....
#..##.# #.##o.##.
#..##.# #{o......
#..##.# #.###....
#..##.######o# #.
#.>...@...oo.#
##.......).#.#
#######.#.#.#
#.#.#.#
#..#..######...
###.#..........
#.#.........#
#.########..# #.#
#..#


You could see 2 orc priests and an orc wizard.

Vanquished Creatures
  Robin (D:2)
  An adder (D:3)
  2 dart slugs (D:2)
  An orc (D:3)
  7 bats
  7 endoplasms
  A giant cockroach (D:1)
  16 goblins
  9 hobgoblins
  9 jackals (D:1)
  4 kobolds
  A quokka (D:2)
  5 ball pythons
  A frilled lizard (D:1)
  8 rats
73 creatures vanquished.

Notes
Turn   | Place    | Note
-------+----------+-------------------------------------------
     0 | D:1      | frimble the Demonspawn Warper began the quest for the Orb.
     0 | D:1      | Reached XP level 1. HP: 16/16 MP: 3/3
    46 | D:1      | Reached skill level 2 in Short Blades
    72 | D:1      | Gained mutation: You have a pair of small antennae on your
                  | head. [demonic ancestry]
    72 | D:1      | Reached XP level 2. HP: 7/22 MP: 5/5
   819 | D:1      | Reached skill level 3 in Short Blades
   960 | D:1      | Reached XP level 3. HP: 4/27 MP: 6/6
  1410 | D:1      | Found Riofod's Antique Armour Shoppe.
  1612 | D:1      | Found a faded altar of an unknown god.
  2476 | D:2      | Identified the +2 robe "Halurir" {Int+3}
  2606 | D:2      | Identified the +2 helmet "Kebuucig" {rC+ Int+5}
  2606 | D:2      | Noticed Robin
  2807 | D:1      | Gained mutation: You have a pair of antennae on your head.
                  | [demonic ancestry]
  2807 | D:1      | Reached XP level 4. HP: 33/33 MP: 7/7
  2813 | D:1      | Reached skill level 4 in Short Blades
  2833 | D:2      | Killed Robin
  3292 | D:3      | Learned a level 2 spell: Blink
  3454 | D:3      | Killed from afar by an orc priest

Illustrated notes

Levels and vault maps discovered:
D:1:      mrwooster_arrival_arrow, layout_rooms,
          hellmonk_ecumenical_altar_prayer_group, serial_shops,
          nicolae_shop_hallway_stairs, minmay_tetromino_t4
D:2:      layout_basic, uniq_robin
D:3:      layout_loops_ring

Skill      XL: |  1  2  3  4 |
---------------+-------------+-----
Short Blades   | 2 3 4 |  4.4
Fighting       | |  2.0
Throwing       | |  0.8
Armour         | |  0.8
Dodging        | |  1.7
Spellcasting   | |  2.0
Translocations | |  2.6

Action                   |  1- 3 |  4- 6 || total
-------------------------+-------+-------++-------
Melee: Short sword       |   172 |       ||   172
       Dagger            |    34 |    48 ||    82
       Punch             |     1 |     2 ||     3
Throw: Boomerang         |     5 |       ||     5
  Use: Scroll            |       |     2 ||     2
Armor: Leather armour    |    52 |       ||    52
       Robe              |    23 |    18 ||    41
Dodge: Dodged            |   140 |    29 ||   169

Table legend: (Time is in decaauts)
 A = Elapsed time spent in this place.
 B = Non-inter-level travel time spent in this place.
 C = Inter-level travel time spent in this place.
 D = Time resting spent in this place.
 E = Time spent auto-exploring this place.
 F = Levels seen in this place.
 G = Mean time per level.
                   A        B        C        D        E       F      G
               +--------+--------+--------+--------+--------+-----+--------+
         Total |   3430 |   3329 |    101 |    265 |   2461 |   3 | 1143.3 |
       Dungeon |   3430 |   3329 |    101 |    265 |   2461 |   3 | 1143.3 |
               +--------+--------+--------+--------+--------+-----+--------+

Top non-repeatable levels by time:
     D:1: 1816 daAuts
     D:2: 1284 daAuts
     D:3: 329 daAuts
